 Dungeon Crawl Stone Soup version 0.20-a0-1017-gc3250ce (webtiles) character file.

930 Hybris the Cleaver (level 7, -1/66 HPs)
             Began as a Minotaur Fighter on Apr 16, 2017.
             Slain by a two-headed ogre
             ... wielding a +0 giant spiked club
              (26 damage)
             ... on level 4 of the Dungeon.
             The game lasted 00:04:25 (3424 turns).

Hybris the Cleaver (Minotaur Fighter)               Turns: 3424, Time: 00:04:26

Health: -1/66      AC:  8    Str: 28    XL:     7   Next: 86%
Magic:  6/6        EV:  7    Int:  5    God:
Gold:   204        SH: 10    Dex:  9    Spells: 6/6 levels left

rFire    . . .     SeeInvis .   a - +0 war axe
rCold    . . .     Gourm    .   c - +0 shield
rNeg     . . .     Faith    .   b - +0 scale mail
rPois    .         Spirit   .   (helmet restricted)
rElec    .         Reflect  .   (no cloak)
rCorr    .         Harm     .   n - +0 pair of gloves
MR       .....                  (no boots)
Stlth    ..........             (no amulet)
Regen    0.3/turn               (no ring)
MPRegen  0.1/turn               (no ring)

@: mighty
A: retaliatory headbutt, horns 2
a: no special abilities


You were on level 4 of the Dungeon.
You were not hungry.

You visited 1 branch of the dungeon, and saw 4 of its levels.

You collected 204 gold pieces.

Inventory:

Hand Weapons
 a - a +0 war axe (weapon)
Missiles
 m - 90 stones (quivered)
 w - 8 tomahawks
 z - 7 tomahawks of returning
Armour
 b - a +0 scale mail (worn)
 c - a +0 shield (worn)
 n - a +0 pair of gloves (worn)
Jewellery
 p - a +3 ring of dexterity {unknown}
Wands
 t - a wand of lightning (5/15)
Scrolls
 i - 2 scrolls of amnesia {unknown}
 k - 4 scrolls of identify {unknown}
 o - a scroll of noise {unknown}
 q - a scroll of recharging {unknown}
 r - 2 scrolls of remove curse {unknown}
 v - a scroll of fear {unknown}
 A - a scroll of immolation {unknown}
Potions
 d - a potion of might
 e - 2 potions of mutation {unknown}
 g - a potion of heal wounds
 j - 2 potions of lignification {unknown}
 l - 2 potions of resistance {unknown}
 s - 2 potions of haste {unknown}
 u - a potion of degeneration {unknown}
 B - a potion of cancellation {unknown}
Books
 y - a book of Minor Magic

   Spells                             Type                      Level
   a - Magic Dart                     Conjuration                  1
   b - Blink                          Translocation                2
   c - Call Imp                       Summoning                    2
   d - Slow                           Hexes                        2
   e - Conjure Flame                  Conjuration/Fire             3
   f - Mephitic Cloud                 Conjuration/Poison/Air       3
Comestibles
 f - 4 bread rations
 h - 2 royal jellies
 x - 2 meat rations
 C - a chunk of flesh


   Skills:
 + Level 7.3 Fighting
 * Level 9.0 Axes
 - Level 3.6 Armour
 - Level 3.6 Shields


You had 6 spell levels left.
You didn't know any spells.

Dungeon Overview and Level Annotations

Branches:
Dungeon (4/15)
 Temple: D:4-7

Altars:
Dithmenos
Sif Muna
The Shining One


Innate Abilities, Weirdness & Mutations

You reflexively headbutt those who attack you in melee.
You have a pair of horns on your head.


Message History

The adder bites you but does no damage.
You feel sick.
You see here a short sword.
The adder barely misses you.
It was a potion of heal wounds.
You feel much better. The adder bites you but does no damage.
You feel sick.
You are no longer poisoned.
You closely miss the adder. You block the adder's attack.
The adder bites you but does no damage.
Your shield and scale mail prevent you from hitting the adder.
The adder barely misses you.
You slash the adder!
You kill the adder!
You completely miss the two-headed ogre.
Your headbutt misses the two-headed ogre.
The two-headed ogre is lightly wounded.
You block the two-headed ogre's attack.
The two-headed ogre hits you with a giant spiked club!!
You die...

#.<...........####.#.##.#..###
#############.# #>#.###..##.#
#.# #.#.##..##... #.#
#.#.<#.##..(. #.#
#.##.#..##... #.#
#.##.##..##.# #.#
#.##.#.#..#.# #.#
#.##.##.#.... #@#
#.##.#.#.#... #O#
#....######## #h# ######
###.#############
#...............#
#.....#########.# #.....# #.#
#.....# #.# #.....# ###'####


You could see a two-headed ogre and a jackal.

Vanquished Creatures
  Pikel (D:4)
  2 howler monkeys (D:4)
  An iguana (D:4)
  An orc wizard (D:4)
  6 worker ants
  12 adders
  An ooze (D:1)
  3 worms
  A dart slug (D:1)
  A leopard gecko (D:4)
  7 orcs (D:4)
  11 bats
  A giant cockroach (D:1)
  6 goblins
  6 hobgoblins
  8 jackals
  3 quokkas
  A ball python (D:1)
  5 frilled lizards
  5 kobolds
  5 rats
87 creatures vanquished.

Vanquished Creatures (others)
  A scorpion (D:4)
  An orc wizard (D:4)
  An orc (D:4)
3 creatures vanquished.

Grand Total: 90 creatures vanquished

Notes
Turn   | Place    | Note
-------+----------+-------------------------------------------
     0 | D:1      | Hybris the Minotaur Fighter began the quest for the Orb.
     0 | D:1      | Reached XP level 1. HP: 19/19 MP: 0/0
    51 | D:1      | Reached skill level 3 in Axes
    87 | D:1      | Reached XP level 2. HP: 23/27 MP: 1/1
   359 | D:1      | Reached XP level 3. HP: 33/33 MP: 2/2
   500 | D:1      | Reached skill level 4 in Axes
   790 | D:2      | Found a shadowy altar of Dithmenos.
   873 | D:2      | Reached XP level 4. HP: 41/41 MP: 3/3
   979 | D:2      | Found a deep blue altar of Sif Muna.
  1860 | D:3      | Reached skill level 5 in Axes
  1983 | D:3      | Reached skill level 5 in Fighting
  1983 | D:3      | Reached XP level 5. HP: 45/48 MP: 4/4
  2539 | D:4      | Noticed Pikel
  2539 | D:4      | Noticed a slave
  2540 | D:4      | Noticed a slave
  2542 | D:4      | Noticed a slave
  2542 | D:4      | Noticed a slave
  2552 | D:4      | Reached skill level 6 in Axes
  2566 | D:4      | Killed Pikel
  2566 | D:4      | Reached skill level 8 in Axes
  2566 | D:4      | Reached XP level 6. HP: 10/58 MP: 5/5
  2566 | D:4      | Reached XP level 7. HP: 11/64 MP: 6/6
  3084 | D:4      | Found a glowing golden altar of the Shining One.
  3297 | D:4      | Reached skill level 9 in Axes
  3399 | D:4      | Noticed a two-headed ogre
  3424 | D:4      | Slain by a two-headed ogre

Vault maps used:
D:1:      lemuel_arrival_behind_the_door_large
D:2:      lemuel_crystal_altar, grunt_dithmenos_smoke
D:4:      minmay_diamond_boxcup, lemuel_round_altar, uniq_pikel

Skill      XL: |  1  2  3  4  5  6  7 |
---------------+----------------------+-----
Axes           | 3 4 5 8 9 |  9.0
Fighting       | 4 5 6 7 |  7.3
Armour         | |  3.6
Shields        | |  3.6

Action                   |  1- 3 |  4- 6 |  7- 9 || total
-------------------------+-------+-------+-------++-------
Melee: War axe           |    82 |    88 |    65 ||   235
       Headbutt          |    12 |    11 |     4 ||    27
  Use: Potion            |       |       |     2 ||     2
 Stab: Distracted        |       |       |     1 ||     1
  Eat: Chunk             |       |     5 |     3 ||     8
Armor: Scale mail        |    45 |    34 |    34 ||   113
Dodge: Dodged            |    32 |    24 |    34 ||    90
Block: Shield            |    44 |    49 |    53 ||   146
